 Dungeon Crawl Stone Soup version 0.28.0-45-g0d030f2227 (webtiles) character file.

Game seed: 2595888941207185283

37 seaoflcl the Skirmisher (level 3, -6/43 HPs)
             Began as a Demonspawn Berserker on Apr 24, 2022.
             Was a Follower of Trog.
             Mangled by a worm (10 damage)
             ... on level 2 of the Dungeon.
             The game lasted 00:01:35 (1542 turns).

seaoflcl the Skirmisher (Demonspawn Berserker)      Turns: 1542, Time: 00:01:36

Health: -6/43      AC:  2    Str: 19    XL:     3   Next: 23%
Magic:  3/3        EV: 12    Int:  8    God:    Trog [*.....]
Gold:   102        SH:  0    Dex: 18    Spells: 2/2 levels left

rFire   . . .      SeeInvis .   a - +0 mace
rCold   . . .      Faith    .   (no shield)
rNeg    . . .      Spirit   .   b - +0 animal skin
rPois   .          Reflect  .   (no helmet)
rElec   .          Harm     .   (no cloak)
rCorr   .          Rampage  .   (no gloves)
Will    .....                   (no boots)
Stlth   ..........              (no amulet)
HPRegen 0.14/turn               d - +6 ring of dexterity
MPRegen 0.08/turn               (no ring)

@: berserking, very quick
A: demonic magic 1
a: Renounce Religion, Berserk


You were on level 2 of the Dungeon.
You worshipped Trog.
Trog was aware of your devotion.
You visited 1 branch of the dungeon, and saw 2 of its levels.

You collected 102 gold pieces.

Inventory:

Hand Weapons
 a - a +0 mace (weapon)
Missiles
 e - 15 sling bullets
Armour
 b - a +0 animal skin (worn)
Jewellery
 d - a +6 ring of dexterity (left hand)
Scrolls
 c - 3 scrolls of teleportation {unknown}
 f - a scroll of fear {unknown}
 g - a scroll of identify {unknown}
Potions
 h - 2 potions of curing {unknown}
 i - 2 potions of flight {unknown}


   Skills:
 + Level 3.3 Fighting
 + Level 3.0 Maces & Flails
 + Level 2.2 Armour
 + Level 2.2 Dodging
 - Level 0.1 Spellcasting


You had 2 spell levels left.
You didn't know any spells.
Your spell library was empty.

Dungeon Overview and Level Annotations

Branches:
Dungeon (2/15)

Altars:


Innate Abilities, Weirdness & Mutations

Spells you cast may paralyse adjacent enemies.


Message History

You kill the ball python!
Trog accepts your kill. The goblin hits you with a +0 club.
You hit the goblin.
The goblin is moderately wounded.
The goblin misses you.
You hit the goblin.
You kill the goblin!
Trog accepts your kill.
You hit the worm.
The worm is lightly wounded.
You hit the worm.
The worm is moderately wounded.
The worm bites you.
You thump the worm!
The worm is severely wounded.
The worm completely misses you.
You hit the worm.
The worm is almost dead.
The worm bites you!
* * * LOW HITPOINT WARNING * * *
You hit the worm.
The worm is almost dead.
The worm closely misses you.
You hit the worm.
The worm is almost dead.
You hit the worm but do no damage.
The worm is almost dead.
The worm bites you.
* * * LOW HITPOINT WARNING * * *
You barely miss the worm.
The worm is almost dead.
The worm closely misses you.
Unknown command.
A red film seems to cover your vision as you go berserk!
You feel yourself moving faster!
You feel mighty!
You barely miss the worm.
The worm is severely wounded.
The worm bites you!
You die...

)... ##. #.# .>... ##
#.. #.# ...... .. #
#[.##.##.#.....## . .#
#...#.##.........#. .#
#...#.##.#.##.###†##.#
#.....##.#.##...#(..#
#..............#w###
#.......#.##...@#.# #
#.).............#.?.#
#..............$^###..
#.#...........#...#
...
###...........#.....[
## #.....#.........###
##.....##.####.#.#
##......##.## #...#
##<..........# .###


You could see a worm.

Vanquished Creatures
  2 dart slugs
  3 endoplasms (D:1)
  2 giant cockroaches (D:1)
  4 goblins
  5 hobgoblins
  4 jackals (D:1)
  A quokka (D:1)
  2 ball pythons
  A bat (D:1)
  A frilled lizard (D:1)
  A kobold (D:1)
  3 rats (D:1)
29 creatures vanquished.

Notes
Turn   | Place    | Note
-------+----------+-------------------------------------------
     0 | D:1      | seaoflcl the Demonspawn Berserker began the quest for the
                  | Orb.
     0 | D:1      | Reached XP level 1. HP: 18/18 MP: 1/1
   230 | D:1      | Gained mutation: Spells you cast may paralyse adjacent
                  | enemies. [demonic ancestry]
   230 | D:1      | Reached XP level 2. HP: 12/24 MP: 2/2
  1442 | D:2      | Reached XP level 3. HP: 27/29 MP: 3/3
  1542 | D:2      | Mangled by a worm

Illustrated notes

Levels and vault maps discovered:
D:1:      eino_arrival_water_cross, layout_loops_corners, patterned_corridor
D:2:      layout_basic, dreamdust_ecumenical_altar_sealed_demon,
          minmay_pentomino_pile

Skill      XL: |  1  2 |
---------------+-------+-----
Armour         | 2 |  2.2
Dodging        | 2 |  2.2
Maces & Flails | 3 |  3.0
Fighting       | |  3.3
Spellcasting   | |  0.1

Action                   || total
-------------------------++-------
Melee: Mace              ||    81
       Punch             ||     1
Invok: Berserk           ||     2
 Stab: Sleeping          ||     3
Armor: Animal skin       ||    15
Dodge: Dodged            ||    47
